Map: [ESL] Data-C

Players

Clem - Winner!

  • Race: Terran Terran
  • Spawn Location: 9:00

Serral

  • Race: Zerg Zerg
  • Spawn Location: 3:00

Event: DreamHack SC2 Masters 2022 Atlanta (Online)

VOD

Have the link to the VOD?

Description

Time

  • Played on: Oct. 16, 2022, 11:52 a.m.
  • Length: 20:20

All games in this series

Show
View Real Time Build Order
Export as new Build Order

Clem Terran - Winner!

Build Orders: 2 Factory, Reaper Expand 

Get SALT Encoding   

  12  0:00  SCV  
  13  0:12  SCV  
  14  0:17  Supply Depot  
  14  0:25  SCV  
  15  0:38  SCV  
  15  0:39  Barracks  
  16  0:43  Refinery  
  16  0:50  SCV  
  17  1:02  SCV  
  18  1:14  SCV  
  19  1:26  Reaper  
  19  1:27  Orbital Command  
  20  1:40  Command Center  
  20  1:48  Supply Depot  
  20  1:52  SCV  
  21  1:58  Marine  
  22  2:04  SCV  
  23  2:11  Factory  
  23  2:16  SCV  
  23  2:21  Barracks Reactor  
  24  2:28  SCV  
  25  2:40  Command Center  
  25  2:42  SCV  
  26  2:52  Orbital Command  
  26  2:54  SCV  
  27  3:01  Factory  
  27  3:04  Refinery  
  27  3:07  SCV  
  27  3:12  Hellion  
  30  3:17  Hellion  
  30  3:18  SCV  
  33  3:21  SCV  
  33  3:24  Barracks Tech Lab  
  34  3:30  SCV  
  34  3:34  SCV  
  36  3:36  Hellion  
  36  3:38  Hellion  
  40  3:43  SCV  
  40  3:47  SCV  
  42  3:50  Starport  
  42  3:53  Orbital Command  
  42  3:55  SCV  
  43  3:58  Hellion  
  43  4:00  Infernal Pre-Igniter  
  43  4:02  Hellion  
  47  4:04  SCV  
  47  4:07  Hellion  
  47  4:09  SCV  
  51  4:12  Barracks Tech Lab  
  51  4:16  SCV  
  52  4:20  Supply Depot  
  52  4:21  SCV  
  52  4:24  Hellion  
  56  4:28  SCV, Viking  
  56  4:29  Hellion  
  60  4:34  SCV  
  61  4:42  SCV, Marine, Hellion  
  65  4:46  Supply Depot  
  65  4:47  SCV x2, Stimpack  
  65  4:50  Hellion  
  69  4:57  Barracks  
  69  4:58  Supply Depot  
  69  5:00  Barracks  
  69  5:03  Orbital Command  
  69  5:07  SCV x2, Medivac  
  69  5:08  Supply Depot  
  69  5:10  Armory  
  69  5:12  Hellion  
  69  5:13  Refinery  
  75  5:15  Hellion  
  75  5:20  SCV, Hellion  
  80  5:22  SCV  
  80  5:25  Supply Depot, Marine  
  82  5:28  Refinery  
  82  5:30  SCV  
  82  5:33  SCV, Hellion  
  86  5:41  Starport Reactor  
  86  5:43  Marine  
  86  5:44  SCV  
  86  5:48  SCV  
  89  5:52  Barracks Reactor x2, Barracks x2, Widow Mine  
  89  5:56  Engineering Bay x2, SCV  
  92  5:57  SCV  
  92  6:00  SCV, Marine  
  95  6:05  Supply Depot  
  95  6:08  Supply Depot  
  95  6:09  Siege Tank  
  95  6:11  Widow Mine  
  100  6:17  SCV  
  101  6:21  SCV, Marine  
  101  6:25  Supply Depot, Widow Mine  
  98  6:26  SCV  
  98  6:31  Marine  
  88  6:33  SCV  
  88  6:35  SCV  
  88  6:37  Widow Mine  
  88  6:38  Marine x2  
  88  6:39  SCV, Marine x2  
  92  6:40  Marine  
  92  6:41  Marine  
  92  6:44  Widow Mine, Combat Shield, Drilling Claws  
  92  6:45  SCV  
  93  6:47  SCV  
  93  6:50  Medivac  
  93  6:51  SCV  
  95  6:55  Medivac  
  95  6:57  SCV, Marine x2  
  95  7:00  Barracks Reactor x2  
  95  7:01  Marine x2  
  102  7:02  Marine  
  102  7:05  Widow Mine  
  102  7:06  Widow Mine  
  102  7:07  Widow Mine  
  109  7:08  SCV  
  109  7:09  SCV  
  109  7:10  SCV  
  109  7:13  Terran Infantry Weapons Level 1  
  109  7:14  Terran Infantry Armor Level 1  
  112  7:18  Supply Depot  
  112  7:20  SCV, Marine  
  112  7:21  SCV  
  112  7:22  SCV  
  116  7:25  Marine x2  
  116  7:26  Bunker  
  116  7:28  Refinery  
  118  7:30  Marine  
  118  7:32  SCV  
  118  7:33  SCV, Marine  
  118  7:34  SCV  
  118  7:37  Marine x2  
  123  7:39  Supply Depot  
  123  7:40  Widow Mine x3, Marine  
  123  7:42  Medivac  
  134  7:44  Medivac  
  134  7:45  SCV  
  134  7:46  SCV x2  
  139  7:54  Supply Depot, Command Center  
  139  7:58  Marine  
  139  7:59  Marine  
  139  8:05  Marine x2  
  125  8:06  Marauder, Marine  
  125  8:07  Marine x3  
  125  8:09  Widow Mine  
  125  8:11  Widow Mine  
  129  8:12  SCV  
  129  8:13  SCV  
  129  8:14  SCV  
  129  8:16  Marine  
  124  8:21  Marine  
  124  8:23  Marine x2  
  124  8:24  Widow Mine  
  124  8:25  SCV x2, Medivac  
  124  8:26  SCV  
  130  8:27  Marine  
  130  8:30  Widow Mine  
  130  8:31  Terran Vehicle And Ship Armor Level 1, Marine  
  130  8:32  Marine x2  
  130  8:34  Marine  
  136  8:35  Marine  
  136  8:37  SCV x2  
  136  8:39  Marine  
  136  8:41  Widow Mine, Marine  
  141  8:42  SCV, Marine  
  141  8:46  Medivac  
  146  8:49  Widow Mine, Marine x2  
  146  8:52  Marine  
  146  8:54  Marine x2  
  151  9:00  Widow Mine, Marine x3  
  151  9:01  Marine  
  153  9:07  Marine x2  
  153  9:09  Marine  
  155  9:10  SCV, Barracks  
  155  9:11  Barracks  
  155  9:12  SCV x2, Marine x2  
  155  9:14  Barracks, Medivac  
  155  9:15  Widow Mine  
  165  9:22  Supply Depot, Marine x2  
  165  9:23  Marine  
  166  9:24  Supply Depot, Marine  
  166  9:25  Marine  
  166  9:29  Medivac  
  168  9:32  Widow Mine  
  168  9:34  Planetary Fortress  
  168  9:38  Sensor Tower  
  170  9:39  Widow Mine  
  170  9:40  Sensor Tower  
  170  9:43  SCV, Marine x2  
  170  9:45  SCV  
  176  9:46  Marine  
  176  9:49  Medivac  
  177  9:54  Widow Mine, Marine  
  177  9:56  SCV  
  177  9:59  Medivac  
  181  10:02  Widow Mine, Marine  
  181  10:04  Widow Mine  
  184  10:08  Marine  
  184  10:10  SCV  
  178  10:15  Widow Mine  
  178  10:18  SCV  
  178  10:19  Refinery, Medivac  
  173  10:21  SCV  
  173  10:22  Supply Depot, SCV  
  173  10:23  Widow Mine  
  173  10:25  SCV  
  166  10:29  Medivac  
  166  10:30  SCV  
  166  10:32  Barracks Tech Lab x3  
  166  10:33  SCV  
  166  10:34  SCV  
  171  10:37  SCV  
  171  10:39  Widow Mine  
  174  10:43  Widow Mine  
  174  10:44  Marine  
  174  10:45  Widow Mine  
  174  10:48  Marine x3  
  174  10:49  Medivac, Marine x4  
  177  10:52  Command Center  
  177  10:54  Refinery, Terran Infantry Weapons Level 2  
  172  10:57  Terran Infantry Armor Level 2  
  172  10:58  Medivac  
  172  11:01  Widow Mine  
  175  11:05  Widow Mine  
  175  11:07  Widow Mine, Marine x4  
  175  11:08  Marauder, Marine x2  
  175  11:09  Marauder  
  183  11:17  Ghost Academy, Terran Vehicle And Ship Armor Level 2  
  183  11:19  Medivac  
  183  11:20  Supply Depot  
  183  11:21  Marine  
  183  11:22  Widow Mine  
  183  11:24  Marauder, Marine  
  183  11:25  Marauder  
  181  11:26  Widow Mine  
  181  11:28  Widow Mine, Marine  
  181  11:32  Marine  
  185  11:34  Medivac  
  185  11:37  Marauder x2  
  191  11:43  Widow Mine  
  191  11:44  Marine x2  
  191  11:46  Marine x2  
  191  11:47  Widow Mine, Marauder x2  
  194  11:50  Widow Mine  
  194  11:51  Marine  
  195  11:54  Marine  
  195  11:55  Marine  
  195  11:59  Command Center, Marauder  
  194  12:16  Ghost  
  194  12:18  Widow Mine, Ghost  
  194  12:19  Marine x2  
  199  12:28  Marine  
  200  12:34  Planetary Fortress  
  200  12:36  Widow Mine  
  200  12:37  Sensor Tower  
  200  12:43  Command Center  
  200  12:46  Widow Mine  
  200  12:48  Ghost  
  198  12:53  Missile Turret  
  198  12:54  Refinery x2  
  198  12:55  Command Center  
  198  12:56  Command Center  
  200  12:58  Widow Mine  
  200  13:01  Missile Turret  
  200  13:02  Marine x2  
  200  13:04  Liberator x2, Widow Mine  
  195  13:05  Marine  
  195  13:06  Marauder x2  
  195  13:12  Missile Turret  
  200  13:13  Missile Turret  
  200  13:15  Missile Turret  
  200  13:26  Widow Mine  
  200  13:31  Ghost  
  200  13:36  Ghost  
  200  13:38  Marine  
  194  13:41  Widow Mine  
  174  13:50  Ghost  
  174  13:53  Widow Mine x2  
  174  13:54  Liberator x2  
  185  13:57  Marine  
  185  13:58  Marine  
  185  14:00  Marine x2  
  185  14:01  Marine  
  174  14:03  SCV x2, Widow Mine  
  174  14:04  Marine, Ghost x2  
  174  14:06  Orbital Command  
  174  14:08  Ghost  
  174  14:09  Marine x2  
  174  14:10  SCV x2  
  174  14:12  Orbital Command  
  174  14:13  SCV  
  174  14:15  Widow Mine x2  
  174  14:16  SCV  
  181  14:18  Marine  
  181  14:19  Ghost  
  181  14:21  SCV  
  187  14:24  Widow Mine  
  187  14:32  Command Center  
  187  14:33  Orbital Command  
  187  14:36  Orbital Command  
  187  14:37  Viking  
  189  14:40  Widow Mine x2  
  193  14:49  Widow Mine  
  195  14:53  Ghost  
  195  14:55  Ghost  
  197  15:00  Ghost  
  197  15:04  Missile Turret  
  199  15:09  Refinery  
  199  15:10  Missile Turret  
  199  15:11  Sensor Tower, Marine  
  200  15:16  Marine x2  
  200  15:18  Widow Mine, Ghost  
  179  15:40  Marine, Ghost x2  
  179  15:41  Marine x6, Ghost  
  179  15:42  Marine  
  178  15:44  Widow Mine  
  178  15:46  Widow Mine, Ghost  
  178  15:49  Liberator x2  
  182  15:58  Widow Mine, Marine x2  
  182  15:59  Command Center, Marine x2  
  182  16:00  Missile Turret, Marine x4  
  192  16:04  Missile Turret  
  192  16:06  Widow Mine  
  192  16:08  Ghost  
  192  16:09  Marine  
  192  16:10  Widow Mine, Ghost  
  195  16:21  Widow Mine, Marine x2  
  195  16:24  Marine x2  
  197  16:27  Widow Mine  
  199  16:34  Widow Mine  
  199  16:38  Personal Cloaking  
  177  16:42  Marine, Ghost x4  
  177  16:43  Widow Mine, Marine x3  
  177  16:44  Marine x2  
  177  16:46  Medivac  
  195  16:48  Medivac  
  195  16:49  Widow Mine  
  199  17:03  Widow Mine, Marine  
  198  17:11  Missile Turret  
  198  17:12  Widow Mine, Ghost  
  198  17:13  Widow Mine  
  198  17:14  Planetary Fortress  
  200  17:21  Missile Turret x2  
  196  17:24  Unknown  
  196  17:25  Sensor Tower  
  196  17:26  Command Center  
  198  17:30  Marauder  
  198  17:34  Medivac  
  200  17:56  Widow Mine  
  191  18:04  Widow Mine  
  190  18:09  Liberator x2  
  190  18:10  Planetary Fortress  
  183  18:13  Marine x2  
  183  18:15  Widow Mine  
  183  18:19  Widow Mine  
  180  18:25  Marine x5  
  180  18:26  Widow Mine, Marauder x3, Marine x2  
  180  18:31  Marine  
  168  18:35  Command Center  
  168  18:36  Widow Mine  
  170  18:44  Widow Mine, Marauder, Marine x4  
  170  18:46  Marine  
  170  18:48  Marauder x2, Marine x2  
  185  18:49  Marine x2  
  185  18:52  Liberator, Medivac  
  185  18:53  Widow Mine  
  194  18:59  Widow Mine  
  194  19:02  Marine x2  
  197  19:07  Marauder  
  199  19:11  Planetary Fortress  
  198  19:17  Marauder  
  198  19:18  SCV x2  
  198  19:19  SCV  
  198  19:20  SCV  
  198  19:22  SCV x2, Medivac  
  198  19:25  SCV  
  187  19:31  Widow Mine  
  187  19:32  Ghost  
  187  19:34  Liberator  
  187  19:36  Ghost  
  187  19:37  Ghost  
  198  19:39  Ghost  
  200  19:52  Widow Mine  
  189  19:53  Marine  
  189  19:55  Marine x2  
  189  19:57  SCV x6  
  179  20:02  Marine  
Show
View Real Time Build Order
Export as new Build Order

Serral Zerg 

Build Orders: Hatch First, Lurkers 

Get SALT Encoding   

  12  0:00  Drone  
  13  0:12  Overlord  
  13  0:17  Drone  
  14  0:30  Drone x2  
  16  0:48  Hatchery  
  15  0:51  Drone  
  15  0:54  Drone  
  17  0:58  Drone  
  18  1:09  Extractor  
  17  1:13  Spawning Pool  
  17  1:16  Drone  
  17  1:20  Drone  
  18  1:27  Drone  
  19  1:38  Drone  
  20  1:48  Drone  
  21  2:00  Queen x2  
  21  2:01  Zergling x4  
  27  2:10  Overlord  
  27  2:11  Drone  
  28  2:23  Hatchery  
  28  2:27  Drone  
  27  2:38  Drone x3  
  27  2:39  Metabolic Boost  
  30  2:45  Queen  
  30  2:50  Overlord  
  32  2:55  Drone x2  
  32  2:57  Drone  
  35  3:04  Overlord  
  35  3:11  Drone x3  
  35  3:12  Drone  
  39  3:16  Drone  
  39  3:18  Queen  
  42  3:20  Drone  
  42  3:26  Queen  
  45  3:28  Drone  
  46  3:34  Queen  
  46  3:36  Overlord  
  46  3:39  Drone  
  46  3:40  Drone  
  50  3:46  Overlord  
  50  3:48  Zergling x4  
  50  3:49  Drone  
  50  3:50  Drone  
  50  3:53  Drone  
  55  3:57  Queen  
  55  4:00  Overlord  
  55  4:01  Zergling x2  
  58  4:05  Queen  
  58  4:08  Zergling x2  
  61  4:12  Overlord  
  61  4:15  Drone x2  
  61  4:16  Drone  
  64  4:17  Zergling x2  
  64  4:20  Drone  
  64  4:21  Drone  
  64  4:23  Overlord  
  67  4:29  Drone  
  68  4:31  Overlord  
  68  4:37  Drone x3  
  71  4:39  Drone  
  71  4:43  Spore Crawler, Drone x2  
  71  4:44  Spore Crawler  
  71  4:49  Drone x3  
  71  4:51  Baneling Nest  
  73  4:52  Evolution Chamber  
  73  4:55  Queen  
  73  4:59  Zergling x6  
  77  5:00  Drone  
  77  5:03  Overlord  
  77  5:04  Drone x2  
  80  5:10  Lair, Extractor  
  79  5:18  Zergling x2  
  79  5:19  Drone x2  
  79  5:20  Hatchery  
  81  5:21  Drone  
  81  5:22  Drone x2  
  81  5:25  Drone  
  81  5:27  Drone x3, Extractor x2  
  86  5:30  Drone x2  
  86  5:34  Baneling x2  
  86  5:35  Baneling x2, Drone  
  89  5:39  Drone, Overlord  
  89  5:40  Drone x3  
  89  5:41  Drone  
  94  5:43  Extractor  
  94  5:49  Drone  
  94  5:51  Zerg Ground Armor Level 1  
  94  5:53  Drone x2  
  94  5:55  Evolution Chamber  
  95  5:57  Drone x2  
  95  5:58  Drone  
  98  6:06  Zergling x6  
  98  6:08  Zergling x6  
  104  6:13  Centrifugal Hooks  
  104  6:25  Zergling x20, Evolution Chamber  
  104  6:26  Evolution Chamber  
  104  6:28  Evolution Chamber  
  95  6:34  Evolution Chamber  
  95  6:37  Drone x3  
  95  6:38  Drone  
  95  6:39  Drone  
  94  6:42  Zerg Melee Weapons Level 1  
  94  6:44  Drone x4  
  94  6:45  Drone x3  
  94  6:47  Hydralisk Den  
  104  6:50  Drone  
  104  6:52  Spore Crawler, Drone x2  
  105  6:58  Drone  
  105  6:59  Hydralisk Den  
  105  7:00  Baneling x5, Overseer  
  105  7:01  Pneumatized Carapace  
  105  7:02  Drone x2  
  107  7:09  Drone x2  
  107  7:12  Drone  
  107  7:13  Drone  
  112  7:15  Zergling x14  
  112  7:18  Muscular Augments  
  112  7:22  Overlord x4  
  119  7:31  Overlord  
  119  7:32  Overlord  
  119  7:34  Overlord  
  119  7:38  Baneling x5  
  119  7:41  Queen  
  119  7:42  Zergling x2  
  119  7:43  Zergling x12  
  128  7:46  Zerg Ground Armor Level 2  
  128  7:48  Overlord  
  128  7:50  Baneling x2  
  128  7:51  Hatchery  
  128  7:54  Baneling x6  
  128  7:55  Zergling x14  
  123  8:08  Zergling x16  
  123  8:11  Overlord  
  127  8:17  Zergling x12  
  128  8:20  Zergling x2, Hatchery  
  128  8:24  Baneling x6  
  128  8:25  Zergling x16, Baneling  
  135  8:29  Grooved Spines  
  135  8:31  Overlord  
  135  8:34  Extractor  
  135  8:36  Infestation Pit  
  135  8:39  Drone  
  135  8:40  Drone x2  
  135  8:44  Baneling x5, Overlord  
  135  8:45  Zergling x2  
  135  8:46  Zerg Melee Weapons Level 2  
  136  8:51  Zergling x4  
  136  8:52  Overseer  
  123  8:57  Zergling x20  
  127  9:07  Zergling x12  
  133  9:16  Baneling x6  
  133  9:17  Hydralisk x4  
  133  9:22  Hydralisk x3  
  144  9:30  Hydralisk x3  
  147  9:31  Zergling x2  
  147  9:32  Zergling x10  
  147  9:35  Zergling x8  
  157  9:41  Zergling x6  
  159  9:46  Zergling x4  
  159  9:49  Zergling x2  
  159  9:51  Baneling  
  159  9:52  Baneling x2  
  161  9:57  Zergling x8  
  164  10:02  Baneling x11  
  164  10:06  Zergling x6  
  164  10:07  Zergling x16  
  171  10:13  Zergling x18  
  170  10:17  Hive  
  170  10:18  Zerg Missile Weapons Level 1  
  170  10:19  Zergling x8  
  172  10:29  Drone x4  
  172  10:30  Drone  
  175  10:36  Zergling x22  
  175  10:39  Drone  
  187  10:44  Drone  
  187  10:47  Zergling x16  
  183  10:52  Burrow  
  183  10:53  Pathogen Glands, Drone  
  184  10:59  Baneling x9  
  184  11:00  Zergling x4, Baneling  
  184  11:01  Zergling x10  
  190  11:08  Zergling x12  
  190  11:11  Baneling x4, Lurker Den  
  191  11:14  Drone x3, Extractor x2  
  191  11:15  Drone x2  
  191  11:17  Drone  
  193  11:21  Zergling x12  
  193  11:27  Zergling x2  
  193  11:28  Zergling x2  
  193  11:31  Adrenal Glands  
  194  11:34  Zergling x16  
  196  11:40  Zergling x2  
  196  11:41  Zergling x8  
  194  11:47  Zergling x12  
  194  11:49  Neural Parasite  
  194  11:51  Spore Crawler  
  194  11:53  Zerg Ground Armor Level 3  
  199  11:54  Baneling x4  
  199  11:55  Baneling x3  
  199  11:57  Overseer  
  199  12:00  Baneling x4  
  199  12:03  Nydus Network  
  198  12:12  Hatchery  
  198  12:14  Zergling x34  
  196  12:17  Zergling x2  
  196  12:18  Zergling x12  
  196  12:21  Baneling  
  196  12:22  Baneling x8  
  185  12:30  Baneling x6  
  185  12:33  Seismic Spines  
  181  12:39  Zergling x6  
  181  12:40  Zergling x4  
  181  12:43  Zerg Missile Weapons Level 2  
  184  12:50  Lurker x3  
  183  12:53  Lurker  
  183  12:54  Zergling x12  
  186  13:14  Zergling x16, Hatchery  
  186  13:17  Overseer, Nydus Canal  
  193  13:20  Infestor x2  
  193  13:24  Zergling x10  
  187  13:31  Adaptive Talons  
  186  13:36  Nydus Canal  
  186  13:40  Zergling x24  
  193  13:54  Zergling x2  
  193  13:55  Zergling x28  
  182  14:03  Drone x2  
  182  14:04  Drone  
  182  14:09  Viper x2  
  177  14:13  Drone x2  
  177  14:14  Drone x3  
  177  14:15  Overlord  
  177  14:17  Hydralisk x3  
  175  14:23  Baneling x7  
  175  14:24  Baneling  
  181  14:29  Hydralisk x4, Drone  
  190  14:34  Baneling x7  
  190  14:36  Zergling x2  
  190  14:37  Zergling x2  
  191  14:48  Zergling x12  
  196  14:53  Zerg Melee Weapons Level 3  
  196  14:56  Infestor  
  196  14:58  Hatchery  
  190  15:08  Zerg Missile Weapons Level 3  
  190  15:13  Baneling x10  
  190  15:14  Hatchery  
  190  15:15  Infestor  
  190  15:18  Zergling x14  
  190  15:19  Zergling x16  
  194  15:24  Zergling x12  
  197  15:34  Zergling x6  
  190  15:36  Zergling x22  
  190  15:37  Zergling x2  
  190  15:40  Infestor  
  197  15:45  Baneling x12  
  197  15:48  Drone x3  
  199  15:52  Infestor  
  198  16:01  Overseer  
  198  16:02  Zergling x2, Baneling x7  
  199  16:11  Drone x2  
  199  16:12  Zergling x2  
  197  16:20  Hatchery  
  197  16:22  Spawning Pool  
  197  16:23  Zergling x16  
  197  16:27  Lair  
  197  16:30  Drone x5  
  194  16:38  Zergling x36  
  192  16:44  Overseer  
  173  16:47  Drone x2  
  173  16:48  Drone x7  
  173  16:53  Infestor x2  
  186  16:55  Drone  
  186  17:04  Infestor  
  186  17:06  Drone x5  
  192  17:09  Baneling x5  
  192  17:11  Zergling x14  
  198  17:16  Baneling  
  198  17:17  Baneling x4  
  198  17:19  Hydralisk  
  200  17:28  Baneling x6  
  199  17:36  Zergling x8  
  199  17:40  Hatchery  
  196  17:46  Baneling x6  
  196  17:47  Zergling x6  
  191  17:58  Baneling x2  
  191  17:59  Zergling x2  
  191  18:00  Zergling x16  
  191  18:04  Infestor  
  191  18:05  Baneling x8  
  188  18:14  Zergling x36  
  187  18:22  Zergling x30  
  164  18:34  Nydus Canal  
  164  18:37  Zergling x2  
  164  18:38  Zergling x24  
  171  18:45  Drone x3  
  167  18:49  Hydralisk x4, Swarm Host  
  167  18:50  Zergling x2  
  167  18:52  Overseer x2  
  173  18:59  Baneling x5  
  173  19:02  Hydralisk x2  
  170  19:03  Zergling x8  
  170  19:04  Drone  
  170  19:05  Drone  
  176  19:11  Baneling x7  
  176  19:14  Viper x2  
  176  19:15  Infestor  
  178  19:20  Zergling x28  
  178  19:23  Baneling x6  
  173  19:31  Zergling x12  
  173  19:32  Zergling x2  
  149  19:53  Zergling x8  
  149  19:54  Zergling x24  
  153  20:01  Zergling x12  
Tags
 
Add a new tag
Caveats
  • Supply blocks, unpowered buildings, or Contaminate may cause inaccurate times.
  • Supply counts are checked every 10 seconds.